 Dungeon Crawl Stone Soup version 0.18.1-8-gdd0e5ea (webtiles) character file.

35697 Scarto the Demonic Disaster (level 13, -20/93 HPs)
             Began as a Demonspawn Fighter on June 9, 2016.
             Was a Believer of Qazlal.
             Killed from afar by a fire dragon (35 damage)
             ... with a blast of flame
             ... on level 15 of the Dungeon.
             The game lasted 00:38:51 (15645 turns).

Scarto the Demonic Disaster (Demonspawn Fighter)   Turns: 15645, Time: 00:38:52

Health: -20/93     AC: 24    Str: 19    XL:     13   Next: 49%
Magic:  9/22       EV:  6    Int: 11    God:    Qazlal [**....]
Gold:   248        SH: 18    Dex: 12    Spells: 0 memorised, 12 levels left

rFire  . . .     SeeInvis +     a - +5 war axe
rCold  + . .     Gourm    .     i - +3 plate armour
rNeg   . . .     Faith    .     c - +0 shield
rPois  .         Spirit   .     (helmet unavailable)
rElec  +         Dismiss  .     (no cloak)
rCorr  .         Reflect  .     (no gloves)
SustAt .         Harm     .     (no boots)
MR     .....     Rnd*Rage +     F - amulet of regeneration
Stlth  ..........               k - ring of see invisible
                                b - +3 ring of protection

@: not resistant to hostile enchantments, extremely unstealthy
A: fangs 1, horns 3, large bone plates 2, berserk 1, blurry vision 2, cold
resistance 1, frail 1, foul stench 1, screaming 1, shaggy fur 1, electricity
resistance, weak 1, wild magic 1, evolution 1, rot immunity, sturdy frame 1
a: Upheaval, Renounce Religion


You were on level 15 of the Dungeon.
You worshipped Qazlal.
Qazlal was pleased with you.
You were full.

You visited 2 branches of the dungeon, and saw 16 of its levels.

You collected 1120 gold pieces.
You spent 872 gold pieces at shops.

Inventory:

Hand Weapons
 a - a +5 war axe (weapon)
 s - a +2 flail
Missiles
 A - 5 tomahawks (quivered)
Armour
 c - a +0 shield (worn)
 i - a +3 plate armour (worn)
Jewellery
 b - a +3 ring of protection (left hand)
 k - a ring of see invisible (right hand)
 l - an uncursed ring of resist corrosion
 u - an uncursed ring of protection from magic
 v - the ring "Kikujex" {rF+ AC+1 Dex-3 Stlth+}
   (You found it on level 8 of the Dungeon)

   [ring of protection]

   It affects your AC (+1).
   It affects your dexterity (-3).
   It protects you from fire.
   It makes you more stealthy.
 y - a +4 ring of evasion
 F - an amulet of regeneration (around neck)
 J - a +3 ring of intelligence
Wands
 L - a wand of hasting (3/9)
 M - a wand of lightning (10/15)
Scrolls
 d - 5 scrolls of teleportation
 e - 2 scrolls of recharging
 h - 6 scrolls of remove curse
 p - a scroll of amnesia
 t - a scroll of fear
 w - a scroll of magic mapping
 x - a scroll of torment {unknown}
 z - 4 scrolls of fog
 H - a scroll of identify
Potions
 f - 5 potions of curing
 g - a potion of cure mutation
 m - 4 potions of flight
 q - 2 potions of agility
 r - 3 potions of brilliance
 C - 2 potions of lignification
 D - a potion of magic
 E - 2 potions of cancellation
Books
 G - a book of Callings

   Spells                             Type                      Level
   a - Summon Small Mammal            Summoning                    1
   b - Call Imp                       Summoning                    2
   c - Call Canine Familiar           Summoning                    3
   d - Summon Guardian Golem          Hexes/Summoning              3
   e - Summon Lightning Spire         Summoning/Air                4
   f - Summon Ice Beast               Ice/Summoning                4
Comestibles
 n - 12 meat rations
 o - 2 royal jellies
 B - 2 slices of pizza
 I - 4 bread rations
 K - 9 chunks of flesh


   Skills:
 + Level 10.6 Fighting
 + Level 9.7 Axes
   Level 4.9 Crossbows
 + Level 10.0 Armour
 + Level 10.1 Shields
 + Level 12.7 Invocations


You had 12 spell levels left.
You didn't know any spells.

Dungeon Overview and Level Annotations

Branches:
Dungeon (15/15)            Temple (1/1) D:4            Lair (0/8) D:10
    Orc (0/2) D:11         Vaults (0/5) D:14
 Depths: D:15

Altars:
Ashenzari
Cheibriados
Dithmenos
Elyvilon
Fedhas
Gozag
Kikubaaqudgha
Nemelex Xobeh
Okawaru
Pakellas
Qazlal
Ru
Sif Muna
Trog
Xom
Yredelemnul
Zin
The Shining One

Shops:
D:4 ?   D:6 :   D:7 ?   D:8 *   D:11 !   D:13 ?


Innate Abilities, Weirdness & Mutations

You have a pair of large horns on your head.
You are mostly covered in large bone plates (AC +3, SH +3).
Your flesh is cold resistant.
You may emit foul miasma when damaged in melee.
You are immune to rotting.
You have very sharp teeth.
You tend to lose your temper in combat.
Scrolls take you longer to read.
You are frail (-10% HP).
You occasionally shout uncontrollably at your foes.
You are covered in fur (AC +1).
You are resistant to electric shocks.
You are weak. (Str -2)
Your spells are a little harder to cast, but a little more powerful.
You evolve.
Your movements are slightly less encumbered by armour (ER -2).


Message History

Magma suddenly erupts from the ground!
The blast of magma engulfs the fire dragon.
The fire dragon partially resists.
The fire dragon is almost dead.
You can no longer give life to nearby clouds.
The fire dragon breathes flames at you. The blast of flame hits you!
* * * LOW HITPOINT WARNING * * *
Aiming: Upheaval
Press: ? - help, Dir - move target cursor, f/p - fire dragon
Aim: a fire dragon (almost dead, catching its breath, encased in ice)
A blizzard blasts the area with ice!
The blast of ice hits the fire dragon.
The fire dragon is frozen!
The fire dragon is almost dead.
The fire dragon is no longer encased in ice.
Drink which item? (? for menu, Esc to quit)
You feel better. The fire dragon breathes flames at you.
The blast of flame hits you!
You die...

#.# #..#
#).....
#.# #..#
#......
#.# #..#
#......
#.#
#......
#.#
#......
#.#
#......
#D# #..#
#......
#.# #..#
#@# #..#
#.# #..#
#.# #..#
#.# #..#
#.###..#
#...ยง..#
#......#
#....
#..###.#
#...#
#..# #.#
#...#


You could see a fire dragon.

Vanquished Creatures
  Nessos (D:15)
  Josephine (D:11)
  Harold (D:12)
  The ghost of Bubs the Blocker, a journeyman FoFi of Qazlal (D:10)
  A centaur warrior (D:13)
  An ice dragon (D:15)
  Nergalle (D:11)
  Sonja (D:11)
  5 unseen horrors
  9 hill giants
  3 wizards (D:14)
  A wolf spider zombie (D:15)
  A manticore (D:15)
  3 centaur zombies
  9 ugly things
  4 cyclopes
  Psyche (D:8)
  Maurice (D:11)
  A komodo dragon (D:10)
  A redback zombie (D:13)
  5 trolls
  A two-headed ogre (D:14)
  5 slime creatures
  A hornet zombie (D:14)
  6 wraiths
  2 wyverns
  A basilisk (D:14)
  3 yaks (D:11)
  3 steam dragons
  A hungry ghost (D:11)
  A mottled dragon (D:12)
  5 hippogriffs
  8 sky beasts
  6 orc warriors
  2 ice beasts (D:5)
  3 black bears
  A wasp (D:11)
  2 phantoms
  3 necrophages
  5 centaurs
  5 ogres
  A crocodile (D:13)
  A big kobold (D:13)
  6 giant frogs
  A gnoll sergeant (D:6)
  A wyvern zombie (D:11)
  2 wyvern skeletons
  3 scorpions
  8 killer bees
  A troll zombie (D:11)
  11 wights
  The ghost of raikaria the Grasshopper, a weakling HEWr (D:3)
  3 howler monkeys
  3 jellies
  9 crimson imps
  A quasit (D:12)
  Crazy Yiuf (D:2)
  3 giant frog zombies
  A wasp zombie (D:10)
  12 hounds
  11 orc priests
  6 centaur skeletons
  6 iguanas
  A gnoll shaman (D:9)
  8 orc wizards
  7 worker ants
  6 ogre zombies (D:11)
  2 hound zombies (D:9)
  A hound skeleton (D:4)
  A howler monkey skeleton (D:9)
  A worker ant zombie (D:5)
  16 gnolls
  19 adders
  3 shadow imps
  3 adder skeletons
  4 dart slugs
  10 giant geckos
  50 orcs
  3 ball pythons
  9 bats
  5 giant cockroaches
  8 goblins
  7 hobgoblins
  9 jackals
  5 quokkas
  2 giant gecko zombies
  3 giant newts
  2 goblin skeletons (D:11)
  A goblin zombie (D:11)
  A hobgoblin skeleton (D:11)
  4 hobgoblin zombies (D:11)
  A jackal skeleton (D:8)
  15 kobolds
  4 orc skeletons (D:11)
  13 orc zombies (D:11)
  A quokka zombie (D:5)
  11 rats
  A fungus (D:9)
445 creatures vanquished.

Vanquished Creatures (others)
  The ghost of kak the Conjurer, a novice DECj of Vehumet (D:6)
  An orc wizard (D:9)
  3 orcs (D:6)
  3 fulminant prisms (D:6)
  6 plants (D:10)
14 creatures vanquished.

Grand Total: 459 creatures vanquished

Notes
Turn   | Place    | Note
--------------------------------------------------------------
     0 | D:1      | Scarto the Demonspawn Fighter began the quest for the Orb.
     0 | D:1      | Reached XP level 1. HP: 18/18 MP: 1/1
    69 | D:1      | Gained mutation: You have a pair of small horns on your head. [demonic ancestry]
    69 | D:1      | Reached XP level 2. HP: 18/24 MP: 2/2
   143 | D:1      | Gained mutation: Your flesh is cold resistant. [demonic ancestry]
   143 | D:1      | Reached XP level 3. HP: 17/29 MP: 3/3
   731 | D:2      | Found a basalt altar of Yredelemnul.
  1156 | D:2      | Noticed Crazy Yiuf
  1160 | D:2      | Killed Crazy Yiuf
  1160 | D:2      | Gained mutation: You are immune to rotting. [demonic ancestry]
  1160 | D:2      | Reached XP level 4. HP: 36/36 MP: 4/4
  1611 | D:2      | Reached XP level 5. HP: 26/42 MP: 5/5
  1669 | D:2      | Found a glowing golden altar of the Shining One.
  1671 | D:2      | Noticed an angel
  1824 | D:3      | Noticed raikaria's ghost (weakling HEWr)
  1875 | D:3      | Killed raikaria's ghost
  2522 | D:3      | Found an ancient bone altar of Kikubaaqudgha.
  2706 | D:4      | Found Moxigh's Magic Scroll Emporium.
  2728 | D:4      | Bought a scroll of identify for 20 gold pieces
  2728 | D:4      | Bought a scroll of teleportation for 30 gold pieces
  2730 | D:4      | Found a shattered altar of Ashenzari.
  2816 | D:4      | Found an iron altar of Okawaru.
  2837 | D:4      | Found a staircase to the Ecumenical Temple.
  2941 | Temple   | Entered the Ecumenical Temple
  2991 | Temple   | Became a worshipper of Qazlal Stormbringer
  3043 | D:4      | Gained mutation: You are partially covered in large bone plates (AC +2, SH +2). [demonic ancestry]
  3043 | D:4      | Reached XP level 6. HP: 43/48 MP: 6/6
  3052 | D:4      | Reached skill level 1 in Invocations
  4323 | D:5      | Entered Level 5 of the Dungeon
  4420 | D:5      | Reached skill level 2 in Invocations
  4547 | D:5      | Noticed an ice beast
  4573 | D:5      | Killed an ice beast
  4573 | D:5      | Reached XP level 7. HP: 36/55 MP: 8/8
  4819 | D:6      | Found Fikesot's Book Shop.
  4858 | D:6      | Noticed kak's ghost (novice DECj)
  4873 | D:6      | Killed kak's ghost
  5130 | D:5      | Reached skill level 5 in Fighting
  5130 | D:5      | Reached skill level 3 in Invocations
  5589 | D:6      | Gained mutation: You are mostly covered in large bone plates (AC +3, SH +3). [demonic ancestry]
  5589 | D:6      | Reached XP level 8. HP: 31/62 MP: 10/10
  5592 | D:6      | Reached skill level 4 in Invocations
  6071 | D:6      | Reached skill level 5 in Armour
  6071 | D:6      | Reached skill level 5 in Shields
  6720 | D:7      | Found Joiff's Magic Scroll Boutique.
  6728 | D:7      | Reached skill level 1 in Crossbows
  6735 | D:7      | Reached * piety under Qazlal
  6759 | D:7      | Bought a scroll of enchant armour for 105 gold pieces
  6759 | D:7      | Bought a scroll of enchant weapon for 105 gold pieces
  6759 | D:7      | Bought a scroll of identify for 28 gold pieces
  6759 | D:7      | Bought a scroll of enchant weapon for 105 gold pieces
  6851 | D:7      | Found a snail-covered altar of Cheibriados.
  6851 | D:7      | Found a glowing silver altar of Zin.
  6852 | D:7      | Found a deep blue altar of Sif Muna.
  6961 | D:7      | Reached skill level 5 in Axes
  6961 | D:7      | Reached skill level 5 in Invocations
  6966 | D:7      | Gained mutation: Scrolls take you a little longer to read. [mutagenic meat]
  6967 | D:7      | Gained mutation: You have a pair of horns on your head. [mutagenic meat]
  6968 | D:7      | Gained mutation: You evolve. [mutagenic meat]
  6969 | D:7      | Gained mutation: You are robust (+10% HP). [mutagenic meat]
  7372 | D:7      | Gained mutation: You are weak. (Str -2) [potion of mutation]
  7372 | D:7      | Gained mutation: You are clumsy. (Dex -2) [potion of mutation]
  7373 | D:7      | Gained mutation: You tend to lose your temper in combat. [potion of mutation]
  7373 | D:7      | Gained mutation: You occasionally shout uncontrollably at your foes. [potion of mutation]
  7397 | D:7      | Reached XP level 9. HP: 74/75 MP: 13/13
  8029 | D:8      | Found Eliwkew's General Store.
  8074 | D:8      | Reached ** piety under Qazlal
  8110 | D:8      | Reached skill level 6 in Invocations
  8436 | D:8      | Got a scorched jade ring
  8439 | D:8      | Identified the ring "Kikujex" {rF+ AC+1 Dex-3 Stlth+} (You found it on level 8 of the Dungeon)
  8531 | D:8      | Noticed Psyche
  8534 | D:8      | Killed Psyche
  8762 | D:8      | Gained mutation: You have very sharp teeth. [evolution]
  8874 | D:9      | HP: 3/78 [wight/great sword (1)]
  8934 | D:8      | Reached skill level 7 in Invocations
  9285 | D:9      | Gained mutation: You have a pair of large horns on your head. [demonic ancestry]
  9285 | D:9      | Reached XP level 10. HP: 71/86 MP: 15/15
  9496 | D:9      | Lost mutation: You occasionally shout uncontrollably at your foes. [mutagenic meat]
  9756 | D:9      | Gained mutation: Your system is resistant to poisons. [potion of mutation]
  9756 | D:9      | Lost mutation: Your system is resistant to poisons. [potion of mutation]
 10143 | D:10     | Entered Level 10 of the Dungeon
 10147 | D:10     | Noticed a cyclops
 10150 | D:10     | Killed a cyclops
 10267 | D:10     | Noticed a hill giant
 10279 | D:10     | Killed a hill giant
 10279 | D:10     | Reached skill level 8 in Invocations
 10339 | D:10     | Noticed a hill giant
 10354 | D:10     | Killed a hill giant
 10503 | D:10     | Reached *** piety under Qazlal
 10556 | D:10     | Found a staircase to the Lair.
 10614 | D:10     | Noticed a hill giant
 10614 | D:10     | Noticed Bubs's ghost (journeyman FoFi)
 10934 | D:10     | Noticed a cyclops
 10962 | D:10     | Reached XP level 11. HP: 58/94 MP: 17/17
 11162 | D:10     | Killed a hill giant
 11363 | D:10     | Lost mutation: Scrolls take you a little longer to read. [evolution]
 11438 | D:10     | Killed Bubs's ghost
 11438 | D:10     | Reached skill level 9 in Invocations
 11660 | D:11     | Found Lieqim's Distillery.
 11665 | D:11     | Bought a potion of curing for 45 gold pieces
 11665 | D:11     | Bought a potion of curing for 45 gold pieces
 11665 | D:11     | Bought a potion of curing for 45 gold pieces
 11665 | D:11     | Bought a potion of curing for 45 gold pieces
 11665 | D:11     | Bought a potion of heal wounds for 75 gold pieces
 11665 | D:11     | Bought a potion of mutation for 37 gold pieces
 11665 | D:11     | Bought a potion of lignification for 45 gold pieces
 11665 | D:11     | Gained mutation: You occasionally shout uncontrollably at your foes. [potion of mutation]
 11665 | D:11     | Gained mutation: Your spells are a little harder to cast, but a little more powerful. [potion of mutation]
 11665 | D:11     | Gained mutation: You are covered in fur (AC +1). [potion of mutation]
 11674 | D:11     | Noticed Sonja
 11675 | D:11     | Killed Sonja
 11733 | D:11     | Found a shimmering altar of Xom.
 11920 | D:11     | Noticed a brown ugly thing
 11936 | D:11     | Killed a brown ugly thing
 12038 | D:11     | Noticed Nergalle
 12040 | D:11     | Killed Nergalle
 12042 | D:11     | Noticed Josephine
 12053 | D:11     | Killed Josephine
 12075 | D:11     | Lost mutation: You are clumsy. (Dex -2) [potion of mutation]
 12207 | D:11     | Noticed a purple ugly thing
 12216 | D:11     | Killed a purple ugly thing
 12216 | D:11     | Reached skill level 10 in Invocations
 12368 | D:11     | Found a staircase to the Orcish Mines.
 12396 | D:11     | Noticed Maurice
 12409 | D:11     | Killed Maurice
 12436 | D:11     | Gained mutation: You may emit foul miasma when damaged in melee. [demonic ancestry]
 12436 | D:11     | Reached XP level 12. HP: 104/104 MP: 19/19
 12820 | D:12     | Noticed Harold
 12822 | D:12     | Killed Harold
 13083 | D:12     | Reached skill level 11 in Invocations
 13153 | D:12     | Gained mutation: Scrolls take you a little longer to read. [mutagenic meat]
 13155 | D:12     | Lost mutation: You are robust (+10% HP). [mutagenic meat]
 13156 | D:12     | Gained mutation: You are frail (-10% HP). [mutagenic meat]
 13655 | D:13     | Found Tizuitu Nuth's Magic Scroll Boutique.
 13658 | D:13     | Bought a scroll of enchant weapon for 112 gold pieces
 13658 | D:13     | Bought a scroll of identify for 30 gold pieces
 13717 | D:13     | Noticed a centaur warrior
 13727 | D:13     | Killed a centaur warrior
 14450 | D:14     | Reached **** piety under Qazlal
 14453 | D:14     | Paralysed by a wizard for 7 turns
 14456 | D:14     | Reached skill level 10 in Fighting
 14486 | D:14     | Found a gate to the Vaults.
 14723 | D:14     | Reached skill level 12 in Invocations
 14723 | D:14     | Mutation became permanent: You have a pair of large horns on your head. [demonic ancestry]
 14723 | D:14     | Reached XP level 13. HP: 92/92 MP: 20/22
 15232 | D:15     | Entered Level 15 of the Dungeon
 15376 | D:15     | Gained mutation: Scrolls take you longer to read. [mutagenic meat]
 15377 | D:15     | Gained mutation: Your movements are slightly less encumbered by armour (ER -2). [mutagenic meat]
 15380 | D:15     | Gained mutation: You are resistant to electric shocks. [mutagenic meat]
 15400 | D:15     | Reached skill level 10 in Shields
 15453 | D:15     | Noticed Nessos
 15457 | D:15     | Killed Nessos
 15605 | D:15     | Noticed a fire dragon
 15609 | D:15     | Reached skill level 10 in Armour
 15639 | D:15     | HP: 2/93 [fire dragon/blast of flame (44)]
 15645 | D:15     | Killed from afar by a fire dragon

Skill      XL: |  1  2  3  4  5  6  7  8  9 10 11 12 13 |
---------------+----------------------------------------+-----
Axes           | 2 3 4 5 6 8 9 |  9.7
Armour         | 3 4 5 6 7 8 9 10 | 10.0
Shields        | 3 4 5 6 7 8 9 10 | 10.1
Fighting       | 4 5 6 7 9 10 | 10.6
Invocations    | 2 3 5 7 8 10 12 | 12.7
Crossbows      | 1 3 4 |  4.9

Action                   |  1- 3 |  4- 6 |  7- 9 | 10-12 | 13-15 || total
-------------------------+-------+-------+-------+-------+-------++-------
Melee: War axe           |   120 |   226 |   389 |   724 |   135 ||  1594
       Headbutt          |    13 |    39 |    64 |   136 |    40 ||   292
       Flail             |       |       |    11 |       |       ||    11
       Bite              |       |       |     3 |    79 |    18 ||   100
 Fire: Hand crossbow     |       |       |    28 |       |       ||    28
Invok: Upheaval          |       |       |     4 |    16 |    13 ||    33
       Elemental Force   |       |       |       |     1 |       ||     1
  Use: Potion            |     2 |     2 |     6 |     4 |     3 ||    17
       Scroll            |       |     7 |    11 |    10 |     2 ||    30
  Eat: Bread ration      |     1 |     3 |     3 |     2 |       ||     9
       Chunk             |       |       |     6 |     9 |     5 ||    20
       Beef jerky        |       |       |       |     5 |       ||     5
       Meat ration       |       |       |       |       |     2 ||     2
Armor: Scale mail        |    89 |    22 |       |       |       ||   111
       Chain mail        |       |    39 |       |       |       ||    39
       Plate armour      |       |    73 |   272 |   357 |    61 ||   763
       Skin              |       |     6 |       |       |       ||     6
Dodge: Dodged            |    49 |    34 |   112 |   147 |    21 ||   363
       Deflected         |       |       |       |       |     1 ||     1
Block: Shield            |    85 |   119 |   405 |   642 |   103 ||  1354
